 Dungeon Crawl Stone Soup version 0.18.1-6-gd335043 (webtiles) character file.

1987596 HungrySpirit the Champion of Chaos (level 25, 142/142 HPs)
             Began as a Vine Stalker Assassin on May 17, 2016.
             Was the Champion of Makhleb.
             Escaped with the Orb
             ... and 3 runes!
             The game lasted 02:55:24 (47394 turns).

HungrySpirit the Champion of Chaos (VSAs)          Turns: 47394, Time: 02:55:26

Health: 142/142    AC: 18    Str: 15    XL:     25   Next: 98%
Magic:  38/38      EV: 40    Int: 11    God:    Makhleb [******]
Gold:   1629       SH: 14    Dex: 31    Spells: 6 memorised, 5 levels left

rFire  + + .     SeeInvis .     e - +3 double sword of Luimulas {flame, *Rage rC++ rN++}
rCold  + + +     Gourm    .     z - +2 leather armour {rC+}
rNeg   + + +     Faith    .     o - +2 buckler
rPois  +         Spirit   +     p - -2 hat of the Alchemist {rElec rPois rF+ rC+ rN+ MR+ rMut rCorr}
rElec  +         Dismiss  .     Z - +2 cloak
rCorr  +         Reflect  +     X - +1 pair of gloves of Joy {rElec MR+}
rMut   +         Harm     .     t - +1 pair of boots {Stlth+}
SustAt .         Clarity  +     C - +3 amulet of reflection
MR     +++++                    Q - ring of protection from fire
Stlth  ++........               l - ring of Shaolin {EV+8}

@: very slightly contaminated, almost entirely resistant to hostile
enchantments, unstealthy
A: fangs 3, iridescent scales 1, thin metallic scales 1, yellow scales 1, agile
2, clarity, poison resistance, regeneration 3, magic shield, antimagic bite, no
device heal 3, rot immunity
a: Minor Destruction, Lesser Servant of Makhleb, Major Destruction, Greater
Servant of Makhleb, Renounce Religion
0: Orb of Zot
}: 3/15 runes: barnacled, silver, gossamer


You escaped.
You worshipped Makhleb.
Makhleb was exalted by your worship.
You were not hungry.

You visited 8 branches of the dungeon, and saw 48 of its levels.
You also visited: Labyrinth and Ice Cave.

You collected 4805 gold pieces.
You spent 3176 gold pieces at shops.

Inventory:

Hand Weapons
 e - the +3 double sword of Luimulas (weapon) {flame, *Rage rC++ rN++}
   (You bought it in a shop on level 2 of the Orcish Mines)

   It has been specially enchanted to burn those struck by it, causing extra
   injury to most foes and up to half again as much damage against particularly
   susceptible opponents.
   Big, fiery blades are also staple armaments of hydra-hunters.
   It greatly protects you from cold.
   It greatly protects you from negative energy.
   It may make you go berserk in combat.
 f - a +9 short sword of electrocution
 E - a +3 rapier of electrocution
Missiles
 M - 10 throwing nets (quivered)
Armour
 d - a cursed +0 shield
 o - a +2 buckler (worn)
 p - the -2 hat of the Alchemist (worn) {rElec rPois rF+ rC+ rN+ MR+ rMut rCorr}
   (You found it in a labyrinth)

   It protects you from fire.
   It protects you from cold.
   It insulates you from electricity.
   It protects you from poison.
   It protects you from negative energy.
   It affects your resistance to hostile enchantments.
   It protects you from acid and corrosion.
   It protects you from mutation.
 t - a +1 pair of boots of stealth (worn)
 z - a +2 leather armour of cold resistance (worn)
 B - the +18 shield of the gong {rElec rN+ MR+ EV-5}
   (You took it off Asterion on level 2 of the Spider Nest)

   It affects your evasion (-5).
   It insulates you from electricity.
   It protects you from negative energy.
   It affects your resistance to hostile enchantments.
 S - the +1 pair of boots "Zizi" {*Corrode rPois rN++ Dex+2}
   (You acquired it on level 2 of the Spider Nest)

   It affects your dexterity (+2).
   It protects you from poison.
   It greatly protects you from negative energy.
   It may corrode you when you take damage.
 U - the +1 chain mail of Indemnity {rF++ Str+4}
   (You found it on level 15 of the Dungeon)

   It affects your strength (+4).
   It greatly protects you from fire.
 X - the +1 pair of gloves of Joy (worn) {rElec MR+}
   (You found it on level 1 of the Spider Nest)

   It insulates you from electricity.
   It affects your resistance to hostile enchantments.
 Z - a +2 cloak (worn)
Jewellery
 i - an uncursed ring of protection from cold
 l - the ring of Shaolin (left hand) {EV+8}
   (You found it on level 3 of the Lair of Beasts)

   [ring of evasion]

   It affects your evasion (+8).
 s - an uncursed ring of see invisible
 C - a +3 amulet of reflection (around neck)
 H - the amulet of the Four Winds {rN+ MR+++ Clar}
   (You found it on level 14 of the Dungeon)

   [amulet of nothing]

   It protects you from negative energy.
   It affects your resistance to hostile enchantments.
   It protects you against confusion.
 Q - a ring of protection from fire (right hand)
 T - the ring "Ynoi" {rElec AC+2 Int+5 Slay+2}
   (You bought it in a shop on level 2 of the Orcish Mines)

   [ring of protection]

   It affects your AC (+2).
   It affects your intelligence (+5).
   It affects your accuracy and damage with ranged weapons and melee attacks
   (+2).
   It insulates you from electricity.
Wands
 w - a wand of disintegration (23/24)
 x - a wand of digging (22/24)
 F - a wand of hasting (4/9)
 P - a wand of teleportation (8/9)
Scrolls
 c - 10 scrolls of teleportation
 k - 15 scrolls of remove curse
 n - 7 scrolls of recharging
 q - 8 scrolls of fog
 v - 8 scrolls of enchant armour
 y - 2 scrolls of blinking
 I - 2 scrolls of fear
 O - 3 scrolls of identify
Potions
 a - 2 potions of berserk rage
 h - 4 potions of agility
 j - 5 potions of flight
 m - 16 potions of curing
 G - 7 potions of cure mutation
 J - 5 potions of magic
 L - a potion of invisibility
 R - a potion of might
 V - 2 potions of resistance
 W - 2 potions of cancellation
 Y - 6 potions of ambrosia
Books
 A - a book of Enchantments

   Spells                             Type                      Level
   a - Cause Fear                     Hexes                        4
   b - Yara's Violent Unravelling     Hexes/Transmutation          5
   c - Silence                        Hexes/Air                    5
   d - Deflect Missiles               Charms/Air                   6
   e - Haste                          Charms                       6
   f - Discord                        Hexes                        8
Comestibles
 b - 2 royal jellies
 g - 23 bread rations
 r - 2 fruits
 u - 11 meat rations


   Skills:
 + Level 17.9 Fighting
 - Level 14.2(18.1) Short Blades
 * Level 18.7(20.2) Long Blades
 - Level 1.7 Throwing
 + Level 16.5 Dodging
 - Level 4.8 Stealth
 + Level 11.4 Shields
 * Level 21.2 Invocations


You had 5 spell levels left.
You knew the following spells:

 Your Spells              Type           Power        Failure   Level  Hunger
a - Regeneration          Chrm/Necr      #.........   95%         3    ####...
b - Apportation           Tloc           #.........   43%         1    ##.....
c - Summon Butterflies    Summ           #.......     43%         1    ##.....
d - Deflect Missiles      Chrm/Air       #.........   100%        6    #######
e - Haste                 Chrm           #.......     100%        6    #######
f - Blink                 Tloc           N/A          69%         2    ###....


Dungeon Overview and Level Annotations

Branches:
Dungeon (15/15)            Temple (0/1) D:6            Lair (8/8) D:11
 Shoals (4/4) Lair:4       Spider (4/4) Lair:4        Slime (0/6) Lair:7
    Orc (2/2) D:9             Elf (0/3) Orc:2        Vaults (5/5) D:13
  Crypt (0/3) Vaults:2     Depths (5/5) D:15            Zot (5/5) Depths:5

Altars:
Ashenzari
Cheibriados
Elyvilon
Fedhas
Kikubaaqudgha
Makhleb
Okawaru
Qazlal
Trog
Xom
Yredelemnul

Shops:
Orc:2 (%!}=   Vaults:1 !   Vaults:2 [   Vaults:3 [?

Portals:
Hell: Depths:2 Depths:5
Ziggurat: Depths:5

Annotations:
Lair:3 exclusion: oklob plant
Shoals:4 Ilsuiw
Depths:2 exclusion: 2 upstairs
Depths:5 1 exclusion
Zot:5 exclusion: upstairs


Innate Abilities, Weirdness & Mutations

You have razor-sharp teeth.
You regenerate.
When hurt, damage is shared between your health and your magic reserves.
Your bite disrupts and absorbs the magic of your enemies.
Potions and wands cannot restore your health.
You are immune to rotting.
You are partially covered in iridescent scales (AC +4).
You are partially covered in thin metallic scales (AC +2).
You are partially covered in yellow scales (AC +2).
You are very agile. (Dex +4)
You possess an exceptional clarity of mind.
Your system is resistant to poisons.


Message History

The ice devil is severely wounded.
You hit the ice devil but do no damage. Your bite misses the ice devil.
The ice devil is severely wounded.
You hit the ice devil. You burn the ice devil.
You bite the ice devil, but do no damage.
The ice devil is almost dead.
The ice devil closely misses you.
You barely miss the ice devil.
You bite the ice devil, but do no damage.
The ice devil is almost dead.
You slash the ice devil! You burn the ice devil.
You kill the ice devil!
Makhleb accepts your kill.
You feel better.
There is an escape hatch in the floor here.
Your extra speed is starting to run out.
You feel yourself slow down.
There is a staircase leading out of the dungeon here.
You can't go down here!
You have escaped!

....#
##..........#####..#
....# #...........#....>#
....#
##..≈≈≈.≈≈≈....#####
....# ##..≈≈♣....≈≈...#
....#####..≈≈..8..♣.≈≈..#
..........≈≈.♣.......≈≈.#
########..≈...........≈.#
#..≈.(♣.....8..≈.#
#..≈≈..8.@....≈≈.#
#...≈≈..♣....≈≈..#
#....≈≈...♣.≈≈..##
##....≈≈≈≈≈≈≈..##
##...........##
##...######## #####


There were no monsters in sight!

Vanquished Creatures
  An orb of fire (Zot:5)
  Mennas (Depths:5)
  An ancient lich (Zot:5)
  Frederick (Depths:5)
  3 Killer Klowns
  A curse toe (Zot:3)
  A caustic shrike (Depths:2)
  Nikola (Vaults:2)
  A golden dragon (Depths:5)
  2 bone dragons (Depths:5)
  2 electric golems (Zot:5)
  3 liches
  5 tentacled monstrosities
  24 Orb Guardians
  3 quicksilver dragons (Vaults:5)
  3 titans
  Polyphemus (Shoals:3)
  A kraken (Shoals:2)
  3 death cobs
  Asterion (Spider:2)
  3 sphinxes
  Frances (Spider:2)
  Agnes (Spider:4)
  4 shadow dragons
  6 storm dragons
  3 tengu reavers
  2 draconian monks
  11 frost giants
  2 draconian knights (Zot:2)
  Donald (Vaults:3)
  9 fire giants
  2 ghost moths (Spider:4)
  16 vault wardens
  2 orc warlords
  A draconian scorcher (Zot:2)
  A draconian zealot (Zot:2)
  5 emperor scorpions
  A deep elf elementalist (Vaults:5)
  A war gargoyle (Vaults:5)
  20 very ugly things
  A draconian shifter (Zot:2)
  3 spriggan defenders
  2 draconian annihilators
  15 ironheart preservers
  26 stone giants
  9 black draconians
  2 green draconians (Zot:5)
  A white draconian (Zot:4)
  4 salamander stormcallers (Vaults:2)
  2 deep elf demonologists
  A spark wasp (Spider:1)
  6 purple draconians
  5 deep elf annihilators
  4 red draconians
  8 yellow draconians
  A mottled draconian (Zot:5)
  15 ettins
  A small abomination (Vaults:5)
  3 merfolk javelineers (Shoals:4)
  14 fire dragons
  A deep elf death mage (Vaults:3)
  Josephine (Lair:6)
  A minotaur (Lab)
  3 jiangshi
  5 merfolk impalers
  36 vault guards
  10 ice dragons
  2 deep elf high priests
  9 great orbs of eyes
  22 yaktaur captains
  A crystal guardian (Vaults:2)
  2 rakshasas
  6 entropy weavers
  3 merfolk avatars
  A monstrous demonspawn (Depths:3)
  17 ogre magi
  11 hydras
  An alligator snapping turtle (Shoals:3)
  A catoblepas (Shoals:2)
  5 spriggan air magi
  9 centaur warriors
  10 death yaks
  3 satyrs (Shoals:4)
  A death knight (D:14)
  6 merfolk aquamancers
  Erica (D:9)
  A queen ant (shapeshifter) (Depths:2)
  5 deep troll shamans
  A tengu warrior (Depths:1)
  5 deep troll earth magi
  2 spriggan berserkers
  2 vampire magi
  Urug (D:13)
  12 hell knights
  5 deep elf knights
  2 sun demons (D:3)
  3 fire crabs
  A deep troll (shapeshifter) (Vaults:4)
  A skeletal warrior (D:14)
  A shadow wraith (Vaults:5)
  4 wizards
  A fire crab (shapeshifter) (Depths:2)
  25 deep trolls
  2 unseen horrors
  A salamander mystic (Vaults:2)
  7 sea snakes
  2 flayed ghosts
  A swamp dragon (shapeshifter) (Vaults:5)
  A shadow demon (Depths:5)
  5 deep elf archers
  2 harpies
  3 giant orange brains
  Pikel (D:7)
  12 ironbrand convokers
  10 hill giants
  14 deep elf magi
  3 phantasmal warriors
  An anubis guard (shapeshifter) (Vaults:1)
  A hornet (shapeshifter) (Vaults:1)
  5 necromancers
  2 orc sorcerers
  14 orc knights
  24 wolf spiders
  10 hornets
  13 orb spiders
  21 fauns
  13 griffons
  11 manticores
  55 ugly things
  5 salamanders (Vaults:2)
  Maurice (D:11)
  12 cyclopes
  A shadow dragon skeleton (Depths:2)
  2 stone giant zombies
  10 moths of wrath
  12 elephants
  7 sirens
  2 ice statues (Shoals:3)
  Joseph (D:7)
  A human skeleton (Vaults:5)
  A water nymph (shapeshifter) (Depths:2)
  A rust devil (D:15)
  A water nymph (Shoals:4)
  Psyche (D:10)
  A gargoyle (D:12)
  4 black mambas
  16 vault sentinels
  A guardian serpent (Vaults:1)
  3 smoke demons (Zot:2)
  A storm dragon simulacrum (Depths:2)
  39 yaktaurs
  19 spiny frogs
  9 rime drakes
  A kobold demonologist (Vaults:1)
  A tengu conjurer (Depths:1)
  13 komodo dragons
  The ghost of ThereIsNoGod the Covert, a novice OpAs (D:4)
  An ice devil (D:1)
  7 freezing wraiths
  2 hellwings (Zot:2)
  A yaktaur zombie (Vaults:1)
  13 demonic crawlers
  A troll (shapeshifter) (Vaults:5)
  22 jumping spiders
  2 wind drakes
  25 merfolk
  4 giant leeches (Lair:8)
  18 trolls
  Prince Ribbit (D:6)
  23 two-headed ogres
  An elf zombie (Vaults:5)
  A hornet zombie (D:15)
  A blink frog (shapeshifter) (Vaults:1)
  A stone giant simulacrum (Vaults:1)
  10 snapping turtles
  4 boulder beetles
  28 slime creatures
  21 blink frogs
  A frost giant simulacrum (Vaults:5)
  24 redbacks
  28 tarantellas
  7 wraiths
  10 water elementals
  9 air elementals
  A spriggan (Depths:5)
  A hippogriff (shapeshifter) (Depths:2)
  72 yaks
  A shadow (D:11)
  4 basilisks
  A hog (shapeshifter) (D:15)
  10 wyverns
  Eustachio (D:5)
  A basilisk (shapeshifter) (Vaults:5)
  A human (D:11)
  Grum (D:9)
  27 vampire mosquitoes
  23 hippogriffs
  2 hungry ghosts
  Menkaure (D:7)
  A deep troll zombie (Vaults:1)
  3 mottled dragons
  16 water moccasins
  7 wargs
  A swamp worm (shapeshifter) (Depths:2)
  A giant eyeball (Depths:2)
  2 hell hounds (Lair:7)
  15 porcupines
  3 ice beasts
  9 wasps
  4 slaves (D:7)
  31 orc warriors
  2 black bears
  An ettin simulacrum (Vaults:1)
  2 phantoms
  2 necrophages
  3 eyes of draining
  6 wolves
  7 boggarts
  44 ogres
  13 centaurs
  15 crocodiles
  Blork the orc (D:5)
  A giant frog (shapeshifter) (Vaults:5)
  3 big kobolds
  34 giant frogs
  A gnoll sergeant (D:11)
  An ogre simulacrum (Vaults:1)
  5 scorpions
  A water moccasin skeleton (D:7)
  5 killer bees (D:12)
  13 wights
  6 electric eels
  4 howler monkeys
  6 crimson imps
  4 human simulacra
  3 centaur zombies
  3 giant frog zombies
  2 draconian simulacra (IceCv)
  7 orc priests
  23 jellies
  24 orc wizards
  A giant frog skeleton (D:12)
  7 hounds
  2 centaur skeletons
  16 iguanas
  A hell rat (shapeshifter) (Vaults:5)
  12 worker ants
  A killer bee zombie (D:11)
  31 sheep
  A centaur simulacrum (IceCv)
  2 worker ant zombies (D:9)
  8 gnolls
  A gnoll (shapeshifter) (Vaults:1)
  10 adders
  72 river rats
  2 shadow imps
  An ufetubus (IceCv)
  20 oozes
  An adder skeleton (D:4)
  3 worms (D:2)
  5 giant geckos
  76 orcs
  3 giant cockroaches
  9 goblins
  8 hobgoblins
  17 jackals
  26 kobolds
  8 quokkas
  A ball python (D:3)
  4 bats
  A giant gecko skeleton (D:9)
  6 giant newts
  A jackal skeleton (D:4)
  A quokka skeleton (D:7)
  9 rats
  A butterfly (Lair:5)
  A fungus (Lair:8)
  A plant (D:13)
  2 tentacles (Shoals:2)
2035 creatures vanquished.

Vanquished Creatures (collateral kills)
  Arachne (Spider:2)
  Rupert (D:12)
  A shadow dragon (Vaults:5)
  Maud (Orc:2)
  Aizul (Shoals:3)
  4 emperor scorpions
  A merfolk impaler (Shoals:4)
  A merfolk javelineer (Shoals:4)
  A hydra (Lair:1)
  An alligator snapping turtle (Shoals:4)
  A hill giant (D:7)
  3 wolf spiders
  5 orb spiders
  2 fauns (Shoals:4)
  The ghost of Wingboner the Chopper, a novice MiBe of Trog (D:5)
  A gargoyle (D:12)
  2 demonic crawlers
  A merfolk (Shoals:4)
  A wind drake (Shoals:4)
  3 redbacks
  Edmund (D:4)
  A water moccasin (Lair:1)
  An orc warrior (D:5)
  A sky beast (D:12)
  2 orc priests (Orc:2)
  An orc wizard (Orc:2)
  A sheep (Shoals:4)
  A river rat (Lair:1)
  2 orcs
  2 plants (Shoals:4)
46 creatures vanquished.

Vanquished Creatures (others)
  A vault warden (Vaults:3)
  A deep elf high priest (Vaults:5)
  A rakshasa (Depths:2)
  A phantasmal warrior (Vaults:5)
  4 yaktaurs
  An ogre (Vaults:2)
  A boggart (Vaults:3)
  A centaur (Vaults:1)
  2 white imps (IceCv)
  2 ufetubi (IceCv)
  19 fungi
  19 plants
  7 tentacles (Shoals:2)
  133 tentacle segments (Shoals:2)
193 creatures vanquished.

Grand Total: 2274 creatures vanquished

Notes
Turn   | Place    | Note
--------------------------------------------------------------
     0 | D:1      | HungrySpirit the Vine Stalker Assassin began the quest for the Orb.
     0 | D:1      | Reached XP level 1. HP: 11/11 MP: 2/2
    37 | D:1      | Reached skill level 1 in Dodging
    73 | D:1      | Reached XP level 2. HP: 15/15 MP: 3/3
   605 | D:2      | Found a white marble altar of Elyvilon.
   605 | D:2      | Found a bloodstained altar of Trog.
   641 | D:2      | Reached XP level 3. HP: 18/18 MP: 4/4
   663 | D:2      | Found a faded altar to an unknown god.
   672 | D:2      | Became a worshipper of Makhleb the Destroyer
   672 | D:2      | Reached * piety under Makhleb
  1048 | D:2      | Reached XP level 4. HP: 12/23 MP: 5/5
  1376 | D:2      | Reached ** piety under Makhleb
  1700 | D:4      | Reached XP level 5. HP: 15/27 MP: 4/6
  1965 | D:3      | Reached *** piety under Makhleb
  2089 | D:3      | Gained mutation: You heal very quickly. [Vine Stalker growth]
  2089 | D:3      | Reached XP level 6. HP: 17/32 MP: 2/7
  2390 | D:3      | Found a shimmering altar of Xom.
  3155 | D:4      | Found an iron altar of Okawaru.
  3156 | D:4      | Noticed ThereIsNoGod's ghost (novice OpAs)
  3157 | D:4      | Noticed a phantom
  3176 | D:4      | Reached skill level 1 in Invocations
  3202 | D:4      | Killed ThereIsNoGod's ghost
  3202 | D:4      | Reached skill level 5 in Short Blades
  3202 | D:4      | Reached XP level 7. HP: 37/37 MP: 6/9
  3248 | D:4      | Reached skill level 2 in Invocations
  3359 | D:4      | Reached **** piety under Makhleb
  3359 | D:4      | Gained mutation: You have razor-sharp teeth. [Vine Stalker growth]
  3359 | D:4      | Reached XP level 8. HP: 42/42 MP: 8/10
  3663 | D:5      | Entered Level 5 of the Dungeon
  3784 | D:5      | Noticed Blork the orc
  3915 | D:5      | Killed Blork the orc
  3955 | D:5      | Noticed Eustachio
  3955 | D:5      | Noticed Edmund
  4000 | D:5      | Noticed Wingboner's ghost (novice MiBe)
  4184 | D:4      | Killed Edmund
  4184 | D:4      | Reached skill level 3 in Invocations
  4418 | D:5      | Killed Wingboner's ghost
  4683 | D:5      | Killed Eustachio
  5026 | D:5      | Reached XP level 9. HP: 18/46 MP: 4/12
  5063 | D:5      | Reached skill level 4 in Invocations
  5105 | D:6      | Reached skill level 5 in Fighting
  5197 | D:6      | Found a staircase to the Ecumenical Temple.
  5325 | D:6      | Noticed Prince Ribbit
  5729 | D:6      | Killed Prince Ribbit
  6079 | D:7      | Noticed Menkaure
  6087 | D:7      | Killed Menkaure
  6087 | D:7      | Reached skill level 5 in Dodging
  6515 | D:7      | Gained mutation: You are partially covered in yellow scales (AC +2). [potion of mutation]
  6515 | D:7      | Gained mutation: You are agile. (Dex +2) [potion of mutation]
  6515 | D:7      | Gained mutation: You are partially covered in thin metallic scales (AC +2). [potion of mutation]
  6606 | D:7      | Noticed Pikel
  6621 | D:7      | Killed Pikel
  6621 | D:7      | Reached skill level 5 in Invocations
  6735 | D:7      | Reached XP level 10. HP: 53/53 MP: 14/14
  6758 | D:7      | Noticed a hill giant
  6777 | D:7      | Killed a hill giant
  6816 | D:7      | Noticed Joseph
  6832 | D:7      | Killed Joseph
  7266 | D:8      | Reached ***** piety under Makhleb
  7869 | D:9      | Reached skill level 6 in Invocations
  8029 | D:9      | Noticed Grum
  8055 | D:9      | Killed Grum
  8255 | D:9      | Found a staircase to the Orcish Mines.
  8345 | D:9      | Noticed Erica
  8358 | D:9      | Killed Erica
  8358 | D:9      | Reached XP level 11. HP: 51/58 MP: 16/16
  8748 | D:9      | Reached skill level 10 in Short Blades
  8841 | D:10     | Entered Level 10 of the Dungeon
  9096 | D:10     | Reached skill level 7 in Invocations
  9183 | D:10     | Reached ****** piety under Makhleb
  9391 | D:10     | Noticed Psyche
  9396 | D:10     | Killed Psyche
  9434 | D:11     | Noticed a hill giant
  9440 | D:11     | Killed a hill giant
  9509 | D:11     | Noticed a brown ugly thing
  9516 | D:11     | Killed a brown ugly thing
  9537 | D:11     | Learned a level 3 spell: Regeneration
  9624 | D:11     | Found a staircase to the Lair.
  9756 | D:11     | Noticed Maurice
  9779 | D:11     | Killed Maurice
  9899 | D:11     | Noticed an unseen horror
  9909 | D:11     | Killed an unseen horror
 10111 | D:11     | Gained mutation: You regenerate. [Vine Stalker growth]
 10111 | D:11     | Reached XP level 12. HP: 61/64 MP: 18/18
 10117 | D:11     | Reached skill level 8 in Invocations
 10322 | Lair:1   | Entered Level 1 of the Lair of Beasts
 10529 | Lair:1   | Noticed an eight-headed hydra
 10558 | Lair:1   | Killed an eight-headed hydra
 11737 | Lair:2   | Reached skill level 9 in Invocations
 12406 | Lair:3   | Reached XP level 13. HP: 46/70 MP: 20/20
 12482 | Lair:3   | Gained mutation: You are partially covered in iridescent scales (AC +4). [potion of beneficial mutation]
 12912 | Lair:3   | Found a blossoming altar of Fedhas.
 13177 | Lair:3   | Identified a scroll of acquirement
 13514 | Lair:4   | Found a staircase to the Shoals.
 13908 | Lair:4   | Learned a level 1 spell: Apportation
 14049 | Lair:4   | Found a hole to the Spider Nest.
 15020 | Lair:5   | Gained mutation: You are very agile. (Dex +4) [potion of beneficial mutation]
 15154 | Lair:5   | Reached skill level 10 in Invocations
 15521 | Lair:6   | Reached skill level 10 in Fighting
 15529 | Lair:6   | Noticed Josephine
 15598 | Lair:6   | Killed Josephine
 15675 | Lair:6   | Reached XP level 14. HP: 70/77 MP: 22/22
 16456 | Lair:7   | Reached skill level 1 in Long Blades
 16456 | Lair:7   | Reached skill level 11 in Invocations
 16599 | Lair:7   | Found a staircase to the Slime Pits.
 17146 | Lair:7   | Reached skill level 10 in Dodging
 17326 | Lair:8   | Entered Level 8 of the Lair of Beasts
 17447 | Lair:8   | Reached XP level 15. HP: 83/83 MP: 24/24
 17905 | Lair:8   | Learned a level 1 spell: Summon Butterflies
 18641 | Orc:1    | Entered Level 1 of the Orcish Mines
 18642 | Orc:1    | Noticed an orc warlord
 18658 | Orc:1    | Paralysed by an orc sorcerer for 3 turns
 18673 | Orc:1    | Killed an orc warlord
 18725 | Orc:1    | Found a bloodstained altar of Trog.
 18777 | Orc:2    | Entered Level 2 of the Orcish Mines
 18869 | Orc:2    | Found Roukhly's Food Boutique.
 18870 | Orc:2    | Found Ytsocukho's Distillery.
 18970 | Orc:2    | Found Zirr's Jewellery Boutique.
 19032 | Orc:2    | Reached skill level 12 in Invocations
 19098 | Orc:2    | Reached skill level 5 in Long Blades
 19145 | Orc:2    | Noticed Maud
 19171 | Orc:2    | Killed Maud
 19261 | Orc:2    | Found a staircase to the Elven Halls.
 19386 | Orc:2    | Found Guas's Weapon Shoppe.
 19583 | Orc:2    | Found Tedumad's Gadget Emporium.
 19702 | Orc:2    | Bought the ring "Ynoi" {rElec AC+2 Int+5 Slay+2} for 643 gold pieces
 19702 | Orc:2    | Bought a +3 amulet of reflection for 375 gold pieces
 19717 | Orc:2    | Bought a potion of beneficial mutation for 350 gold pieces
 19717 | Orc:2    | Gained mutation: You possess an exceptional clarity of mind. [potion of beneficial mutation]
 19720 | Orc:2    | Bought a potion of cancellation for 80 gold pieces
 19932 | Spider:1 | Entered Level 1 of the Spider Nest
 19977 | Spider:1 | Noticed an emperor scorpion
 20049 | Spider:1 | Killed an emperor scorpion
 20484 | Spider:1 | Reached XP level 16. HP: 60/88 MP: 24/26
 20686 | Spider:1 | Got a pair of polished gloves
 20687 | Spider:1 | Identified the +1 pair of gloves of Joy {rElec MR+} (You found it on level 1 of the Spider Nest)
 21034 | Spider:2 | Noticed Frances
 21046 | Spider:2 | Killed Frances
 21052 | Spider:2 | Got a pair of smoking boots
 21053 | Spider:2 | Identified the +1 pair of boots "Zizi" {*Corrode rPois rN++ Dex+2} (You acquired it on level 2 of the Spider Nest)
 21156 | Spider:2 | Noticed Arachne
 21169 | Spider:2 | Killed Arachne
 21345 | Spider:3 | Noticed Asterion
 21509 | Spider:2 | Killed Asterion
 21863 | Spider:4 | Entered Level 4 of the Spider Nest
 21863 | Spider:4 | Noticed Agnes
 21932 | Spider:3 | Reached skill level 13 in Invocations
 22372 | Spider:4 | Killed Agnes
 22981 | Spider:4 | Reached XP level 17. HP: 95/95 MP: 28/28
 23459 | Spider:4 | Got a gossamer rune of Zot
 23727 | Lair:8   | Got a crystal scimitar
 23728 | Lair:8   | Identified the cursed +1 scimitar of Ryqaf {flame, MR+ Str+3 Int+2 Stlth+} (You found it on level 8 of the Lair of Beasts)
 23857 | Shoals:1 | Entered Level 1 of the Shoals
 24144 | Shoals:1 | Noticed a kraken
 24426 | Shoals:1 | You fall through a shaft!
 24543 | Shoals:2 | Noticed a kraken
 24632 | Shoals:2 | Got a scorched turquoise ring
 24633 | Shoals:2 | Identified the ring of Xidghuh {rPois rC- Int+3 Dex+4} (You found it on level 2 of the Shoals)
 24886 | Shoals:2 | Killed a kraken
 24994 | Shoals:2 | Reached skill level 14 in Invocations
 25269 | Shoals:2 | You fall through a shaft!
 25269 | Shoals:3 | Found a frozen archway.
 25321 | IceCv    | Entered an ice cave
 25645 | Shoals:3 | Noticed Aizul
 25666 | Shoals:3 | Noticed Polyphemus
 25672 | Shoals:3 | Killed Aizul
 25840 | Shoals:3 | Killed Polyphemus
 25918 | Shoals:3 | Got a warped cloak
 25919 | Shoals:3 | Identified the +2 cloak of Zaatocw {-Tele rCorr Int+7} (You found it on level 3 of the Shoals)
 26104 | Shoals:4 | Entered Level 4 of the Shoals
 26122 | Shoals:4 | Noticed Ilsuiw
 26406 | Shoals:4 | Got a barnacled rune of Zot
 26548 | Shoals:4 | Reached XP level 18. HP: 101/101 MP: 29/29
 26592 | Shoals:4 | Reached skill level 10 in Long Blades
 27992 | Orc:2    | Bought the +3 double sword of Luimulas {flame, *Rage rC++ rN++} for 973 gold pieces
 28282 | D:12     | Noticed Rupert
 28303 | D:12     | Killed Rupert
 28739 | D:13     | Reached skill level 15 in Invocations
 28768 | D:13     | Found a labyrinth entrance.
 28770 | D:13     | Noticed Urug
 28777 | D:13     | Killed Urug
 28797 | Lab      | Entered a labyrinth
 29262 | D:13     | Found a gate to the Vaults.
 29712 | D:12     | Reached skill level 1 in Shields
 29975 | D:14     | Found a shattered altar of Ashenzari.
 30748 | D:15     | Entered Level 15 of the Dungeon
 30994 | D:15     | Found a staircase to the Depths.
 31170 | D:15     | Found a blossoming altar of Fedhas.
 31219 | D:15     | Got a spiked chain mail
 31220 | D:15     | Identified the cursed +1 chain mail of Indemnity {rF++ Str+4} (You found it on level 15 of the Dungeon)
 31517 | D:15     | Reached XP level 19. HP: 107/107 MP: 31/31
 31688 | Vaults:1 | Entered Level 1 of the Vaults
 32224 | Vaults:1 | Found Roleruciha's Distillery.
 33210 | Vaults:1 | Reached skill level 5 in Shields
 33240 | Vaults:1 | Reached skill level 15 in Fighting
 33450 | Vaults:1 | Reached XP level 20. HP: 113/113 MP: 32/32
 33914 | Vaults:2 | Reached skill level 16 in Invocations
 33975 | Vaults:2 | Found Nouchoem's Armour Emporium.
 34550 | Vaults:2 | Noticed Nikola
 34570 | Vaults:2 | Killed Nikola
 34641 | Vaults:2 | Found a snail-covered altar of Cheibriados.
 34738 | Vaults:2 | Found a staircase to the Crypt.
 34738 | Vaults:2 | Found a basalt altar of Yredelemnul.
 34739 | Vaults:2 | Found an ancient bone altar of Kikubaaqudgha.
 35526 | Vaults:3 | Noticed Donald
 35566 | Vaults:3 | Killed Donald
 35743 | Vaults:3 | Reached XP level 21. HP: 91/118 MP: 31/34
 35807 | Vaults:3 | Reached skill level 17 in Invocations
 36002 | Vaults:3 | Found Jijic's Antique Armour Boutique.
 36006 | Vaults:3 | Bought a pair of ichor-stained boots for 313 gold pieces
 36011 | Vaults:3 | Identified the +3 pair of boots "Ygow" {+Inv MR- Dex+3} (You bought it in a shop on level 3 of the Vaults)
 36015 | Vaults:3 | Bought a pair of glowing boots for 148 gold pieces
 36105 | Vaults:3 | Found Koischue's Magic Scroll Shop.
 36112 | Vaults:3 | Bought a scroll of teleportation for 57 gold pieces
 36112 | Vaults:3 | Bought a scroll of teleportation for 57 gold pieces
 36112 | Vaults:3 | Bought a scroll of identify for 38 gold pieces
 36112 | Vaults:3 | Bought a scroll of enchant weapon for 142 gold pieces
 37185 | Vaults:4 | Gained mutation: Your system is resistant to poisons. [potion of beneficial mutation]
 38244 | Vaults:5 | Entered Level 5 of the Vaults
 38492 | Vaults:4 | Reached skill level 15 in Long Blades
 38602 | Vaults:5 | Reached XP level 22. HP: 71/124 MP: 35/35
 38692 | Vaults:5 | Reached skill level 18 in Invocations
 39112 | Vaults:5 | Learned a level 6 spell: Deflect Missiles
 39119 | Vaults:5 | Learned a level 6 spell: Haste
 39270 | Vaults:5 | Got a silver rune of Zot
 39276 | Vaults:5 | Learned a level 2 spell: Blink
 39392 | Vaults:5 | Reached skill level 15 in Dodging
 40373 | Vaults:5 | Got a brightly glowing long sword {drain}
 40374 | Vaults:5 | Identified the +5 long sword "Ruucvul" {drain, +Rage rC+ MP+9} (You took it off an orc warrior on level 5 of the Vaults)
 40416 | Vaults:5 | Got a jewelled cloak
 40417 | Vaults:5 | Identified the +0 cloak "Olubud" {Str+3} (You found it on level 5 of the Vaults)
 40672 | Depths:1 | Entered Level 1 of the Depths
 40716 | Depths:1 | Reached XP level 23. HP: 129/129 MP: 37/37
 41038 | Depths:1 | Noticed a juggernaut
 41260 | Depths:2 | Found a gateway to Hell.
 41373 | Depths:2 | Reached skill level 19 in Invocations
 41675 | Depths:2 | Found a stormy altar of Qazlal.
 41676 | Depths:2 | Found a shattered altar of Ashenzari.
 41676 | Depths:2 | Found an ancient bone altar of Kikubaaqudgha.
 41761 | Depths:2 | Noticed a caustic shrike
 41769 | Depths:2 | Killed a caustic shrike
 42545 | Depths:2 | Got a fabulously ornate robe
 42546 | Depths:2 | Identified the +1 robe of the Were-rabbit {Stlth+} (You took it off a spriggan defender on level 2 of the Depths)
 42592 | Depths:2 | Got a faintly humming cloak
 42599 | Depths:2 | Identified the +1 cloak of Nebyosm {rElec MP+9} (You found it on level 2 of the Depths)
 42603 | Depths:2 | Got a brightly glowing rapier
 42604 | Depths:2 | Identified the +5 rapier "Motoeplip" {venom, +Inv Int+2} (You found it on level 2 of the Depths)
 42770 | Depths:4 | Reached XP level 24. HP: 136/136 MP: 37/37
 43042 | Depths:5 | Entered Level 5 of the Depths
 43046 | Depths:5 | Found a gateway to a ziggurat.
 43225 | Depths:5 | Noticed Mennas
 43291 | Depths:5 | Killed Mennas
 43294 | Depths:5 | Got a distressingly furry large shield
 43295 | Depths:5 | Identified the +9 large shield "Doucad" {Int+4} (You took it off Mennas on level 5 of the Depths)
 43975 | Depths:5 | Noticed Frederick
 44001 | Depths:5 | Killed Frederick
 44248 | Depths:5 | Reached skill level 20 in Invocations
 44320 | Depths:5 | Reached skill level 10 in Shields
 44441 | Depths:5 | Found a gate to the Realm of Zot.
 44447 | Zot:1    | Entered Level 1 of the Realm of Zot
 44539 | Zot:2    | Noticed a Killer Klown
 44573 | Zot:2    | Killed a Killer Klown
 44770 | Zot:2    | Noticed a Killer Klown
 44794 | Zot:2    | Killed a Killer Klown
 45247 | Zot:2    | Reached XP level 25. HP: 139/141 MP: 38/38
 45489 | Zot:5    | Entered Level 5 of the Realm of Zot
 46293 | Zot:5    | Noticed an orb of fire
 46311 | Zot:5    | Killed an orb of fire
 46366 | Zot:5    | Noticed a Killer Klown
 46413 | Zot:5    | Killed a Killer Klown
 46555 | Zot:5    | Reached skill level 21 in Invocations
 46679 | Zot:5    | Got the Orb of Zot
 46739 | Zot:5    | Noticed an ancient lich
 46751 | Zot:5    | Killed an ancient lich
 46933 | Depths:5 | Noticed an ancient lich
 46933 | Depths:5 | Noticed an ancient lich
 46934 | Depths:5 | Noticed Cumeo the pandemonium lord
 47333 | D:2      | Noticed Loolly Ogaa the pandemonium lord
 47394 | D:$      | Escaped with the Orb!

Skill      XL: |  1  2  3  4  5  6  7  8  9 10 11 12 13 14 15 16 17 18 19 20 21 22 23 24 25 |
---------------+----------------------------------------------------------------------------+-----
Short Blades   | 2 3 4 5 6 8 9 11 12 13 14 | 14.2
Dodging        | 1 2 3 4 5 6 7 8 9 10 11 12 13 14 15 16 | 16.5
Fighting       | 2 3 4 5 6 8 9 10 11 12 13 14 15 16 17 | 17.9
Invocations    | 1 2 3 5 6 7 9 10 11 12 13 14 15 16 17 18 19 20 21 | 21.2
Long Blades    | 3 6 8 9 11 13 14 15 16 17 18 | 18.7
Shields        | 2 5 6 8 9 10 11 | 11.4
Throwing       | |  1.7
Stealth        | |  4.8

Action                   |  1- 3 |  4- 6 |  7- 9 | 10-12 | 13-15 | 16-18 | 19-21 | 22-24 | 25-27 || total
-------------------------+-------+-------+-------+-------+-------+-------+-------+-------+-------++-------
Melee: Dagger            |    76 |   284 |   313 |       |       |       |       |       |       ||   673
       Bite              |    21 |    94 |   133 |   338 |   831 |  1166 |  1204 |  1306 |   289 ||  5382
       Short sword       |       |       |    88 |   882 |  1736 |  2225 |  2029 |  1734 |       ||  8694
       Double sword      |       |       |       |       |       |       |       |   384 |   504 ||   888
 Fire: Blowgun           |       |       |     5 |       |       |       |       |       |       ||     5
Throw: Throwing net      |       |     3 |     1 |       |       |       |       |       |       ||     4
Invok: Lesser Servant of |       |       |     5 |     2 |     2 |    40 |     3 |     2 |       ||    54
       Minor Destruction |       |       |       |       |       |     1 |       |       |       ||     1
       Greater Servant o |       |       |       |       |       |     1 |       |     1 |       ||     2
Evoke: Wand              |       |       |     3 |     8 |       |     7 |       |    13 |    11 ||    42
  Use: Potion            |       |       |     3 |       |     6 |     4 |     4 |     4 |     3 ||    24
       Scroll            |       |       |     9 |     4 |    24 |    31 |     6 |    14 |     6 ||    94
 Stab: Sleeping          |     2 |     5 |     6 |    24 |    28 |    31 |    20 |    14 |     3 ||   133
       Distracted        |       |     1 |     4 |     3 |     5 |    24 |     2 |     7 |     1 ||    47
       Paralysed         |       |       |       |     2 |       |       |       |       |       ||     2
       Invisible         |       |       |       |       |     9 |       |     1 |       |       ||    10
  Eat: Chunk             |       |     7 |    13 |    19 |    23 |    20 |    21 |    12 |       ||   115
       Fruit             |       |       |       |       |     5 |     3 |       |     3 |       ||    11
       Pizza             |       |       |       |       |       |     7 |     1 |     1 |       ||     9
       Beef jerky        |       |       |       |       |       |     4 |       |     5 |       ||     9
       Royal jelly       |       |       |       |       |       |     1 |     1 |       |       ||     2
       Meat ration       |       |       |       |       |       |       |       |     2 |     1 ||     3
Armor: Robe              |     9 |    54 |    16 |       |       |       |       |       |       ||    79
       Leather armour    |       |       |    68 |   173 |   197 |   489 |   122 |   123 |    47 ||  1219
Dodge: Dodged            |    38 |   169 |   189 |   494 |  1547 |  1926 |  1328 |  1310 |   427 ||  7428
Block: Other             |       |       |       |       |    18 |   190 |       |       |       ||   208
       Reflection        |       |       |       |       |       |    20 |    29 |    48 |     5 ||   102
       Buckler           |       |       |       |       |       |    51 |   640 |   742 |   353 ||  1786
